AoeStats
← Bashful_Burrito

Arena

508105846Analyzed
2v2 RM · 11d ago on Sep 20, 2026· 47m 9s· 4 players
Game mode
Random Map
Map size
Medium (4 player)
Population
200
Speed
Normal
Resources
Standard
Victory
Conquest
Starting age
Dark Age
Ending age
Imperial Age
RankedLock teamsTeams togetherTeam positionsShared explorationLock speedFull tech treeHidden civsTurbo modeCheats
Victory
Defeat
🇨🇦 Japanese · Canada
1052
+15
🇺🇸 Bohemians · United States
1026
+16
🇲🇽 Huns · Mexico
1058
-17
🇹🇷 Turks · Türkiye
981
-14
Addicted8763
11:53 Feudal Age
15:44 Castle Age
13:41 Double-Bit Axe
14:12 Horse Collar
14:53 Gold Mining
15:04 Loom
24:10 Wheelbarrow
27:29 Scale Mail Armor
27:40 Forging
28:44 Bow Saw
31:52 Gold Shaft Mining
32:45 Iron Casting
33:05 Hand Cart
38:56 Chain Mail Armor
41:53 Imperial Age
42:00 Capped Ram
42:22 Elite Samurai
Bashful_Burrito
5:04 Loom
10:49 Feudal Age
14:44 Castle Age
12:49 Double-Bit Axe
22:58 Horse Collar
28:51 Chemistry
28:54 Fletching
29:04 Padded Archer Armor
29:49 Wheelbarrow
31:07 Bow Saw
31:07 Bodkin Arrow
31:12 Padded Archer Armor
31:37 Elite Skirmisher
35:31 Imperial Age
33:43 Ballistics
33:35 Wagenburg Tactics
36:04 Leather Archer Armor
35:38 Houfnice
37:35 Hand Cart
39:03 Bracer
38:53 Town Watch
39:59 Caravan
41:54 Siege Engineers
41:52 Heavy Plow
42:55 Conscription
44:25 Man-at-Arms
44:56 Long Swordsman
45:40 Scale Mail Armor
45:50 Forging
46:53 Two-Handed Swordsman
dafr1997
10:26 Feudal Age
10:37 Loom
14:56 Castle Age
13:50 Forging
15:07 Arson
14:43 Man-at-Arms
15:25 Double-Bit Axe
18:56 Fletching
24:41 Bodkin Arrow
35:14 Wheelbarrow
36:10 Town Watch
42:44 Bloodlines
42:34 Husbandry
42:48 Light Cavalry
47:44 Imperial Age
46:53 Scale Barding Armor
46:51 Light Cavalry
TURK FORCEE
0:50 Loom
14:16 Feudal Age
17:55 Castle Age
16:10 Double-Bit Axe
16:25 Horse Collar
17:14 Gold Mining
17:26 Stone Mining
19:49 Wheelbarrow
20:05 Bow Saw
20:30 Heavy Plow
24:49 Gold Shaft Mining
25:31 Padded Archer Armor
26:39 Leather Archer Armor
32:51 Imperial Age
30:41 Hand Cart
38:34 Ring Archer Armor
38:10 Scale Barding Armor
38:16 Forging
41:07 Elite Janissary
Connection lost

Rejoining the realm…

Still unreachable

The connection could not be restored.

Session expired

The server has moved on; the page needs a fresh start.